Connexion

Wild vs Senators

Created - 26 février 2024 at 08:10

Goals
1 2 3 T
Wild 2 0 0 2
Senators 1 2 1 4
Shots
1 2 3 T
Wild 11 14 13 38
Senators 11 10 8 29

GoalsPenalties
1st period
1. Senators , Antoine Roussel 8 (Cole Schwindt 29, Aliaksei Protas 42) at 5:14
2. Wild , Joseph Gambardella 35 (Tanner Pearson 35, Dillon Simpson 30) at 9:04
3. Wild , Ben Thomas 9 (Tanner Pearson 36, Ryan Kuffner 4) at 11:29
Antoine Roussel (BEL) for Fighting (Major) at 13:23
Jeremy Gregoire (IOW) for Fighting (Major) at 13:23
Jeremy Gregoire (IOW) for instigated a fight (Game Misconduct) at 13:23
Ryan Merkley (BEL) for Holding (Minor) at 19:25
2nd period
4. Senators , Wade Allison 18 (Adam Beckman 30, Ian Mitchell 34) at 10:15
5. Senators , Akil Thomas 24 (Wade Allison 32, Zac Jones 32) at 15:58
Taylor Raddysh (IOW) for Cross-checking (Minor) at 3:01
Ben Jones (BEL) for Roughing (Minor) at 5:21
Ian Mitchell (BEL) for Roughing (Minor) at 13:27
3rd period
6. Senators , Wade Allison 19 (Akil Thomas 29) at 2:49
Jack Rathbone (BEL) for Cross-checking (Minor) at 9:48
Wade Allison (BEL) for Hooking (Minor) at 17:34
Goalie Stats
Maxime Lagace (IOW), 25 saves from 29 shots - (0,862), L, 38-21-1, 60:00 minutes
Leevi Merilainen (BEL), 36 saves from 38 shots - (0,947), W, 32-22-4, 60:00 minutes
3 StarsOfficial
1 - Wade Allison (BEL)
2 - Akil Thomas (BEL)
3 - Leevi Merilainen (BEL)
Referees : Bill McCreary and Steve Kozari
Linesman : David Brisebois and Steve Miller
Game Note
Jeremy Gregoire beats up Antoine Roussel at 13:23 of 1st period
Jeremy Gregoire (IOW) for instigated a fight (Game Misconduct) at 13:23
Jeremy Gregoire ejected from game at 13:23 of 1st period
Finance
Level 1 -- Attendance: 2000 (100,00%) -- Ticket Income $70,000
Level 2 -- Attendance: 913 (91,30%) -- Ticket Income $18,260
Total Attendance: 2913 (97,10%)
Total Ticket Income: $88,260
Other Income: $17,652
Total Income: $105,912



Team Name Goals Shots Shots Attemp Shots Blocked PIM HIT PP PK FO%
Wild 238781519210 / 5 (0%)048%
Senators 429811415180 / 2 (0%)052%

Wild
Player Name POS G A P +/- PIM HIT SHT SB MP PP MP PP SHT PK MP PK SHT FO% FOT
Anders BjorkLW/RW0000014121:135:2322:1400% 0
Anthony LouisC/LW000-2003218:474:3200:0000% 1
Antti SuomelaC000-1002010:190:0000:00045% 11
Ben GleasonD000-1000319:294:3902:0700% 0
Ben ThomasD101-1002115:520:0500:0000% 0
Connor HobbsD000-1012019:294:3912:0700% 0
Danick MartelC/LW000-2024020:224:3211:35058% 26
Dillon SimpsonD0110001324:395:1101:5100% 0
Eemeli RasanenD000-1010115:470:0000:0000% 0
Jalen ChatfieldD0000032224:445:1621:5100% 0
Jeremy GregoireC/LW/RW0000170103:290:0000:00033% 6
Joseph GambardellaC/LW1010012120:375:2301:38048% 29
Kasper BjorkqvistLW/RW000-1041013:580:0000:0900% 1
Lukas JasekC/RW000100104:270:0000:00050% 2
Michael MerschLW/RW000-1023113:490:0000:0000% 0
Ryan KuffnerLW011100004:270:0000:0000% 1
Tanner PearsonLW0221045025:465:2312:20050% 8
Taylor RaddyshRW000-2225018:464:3210:00033% 3
Senators
Player Name POS G A P +/- PIM HIT SHT SB MP PP MP PP SHT PK MP PK SHT FO% FOT
Adam BeckmanC/LW0111004015:382:2100:00050% 2
Akil ThomasC/RW1121025115:382:2100:00052% 21
Alex BeaucageLW/RW0000010015:180:0000:290100% 1
Aliaksei ProtasC0111011023:191:3706:05050% 26
Antoine RousselLW/RW1011522023:360:4106:05064% 14
Ben JonesC0000222114:480:0000:00046% 13
Cole SchwindtC/RW0111000020:351:3703:21067% 3
Ian MitchellD0111220221:022:1403:4400% 0
Jack RathboneD0001210321:232:1404:0500% 0
Jamieson ReesC000000303:520:0001:28040% 5
Joey KeaneD000-1030113:290:0000:0000% 0
Layton AhacD000-1000116:300:0003:0100% 0
Linus WeissbachLW000000102:240:0000:00050% 2
Martin ChromiakLW/RW0000002014:490:0000:0000% 1
Ryan MerkleyD0002231223:201:4404:0400% 0
Tyler MaddenC000000002:060:5600:0000% 0
Wade AllisonRW2131216017:592:2112:2200% 0
Zac JonesD0112002324:131:4404:5600% 0



Play-by-Play

1st period


0:01 of 1st period - Antoine Roussel wins face-off versus Joseph Gambardella in neutral zone.
0:16 of 1st period - Antoine Roussel is hit by Joseph Gambardella and loses puck.
0:34 of 1st period - Off-side.
0:35 of 1st period - Danick Martel wins face-off versus Akil Thomas in neutral zone.
0:44 of 1st period - Shot by Danick Martel.
0:44 of 1st period - Shot Blocked by Jack Rathbone.
0:48 of 1st period - Shot by Taylor Raddysh.
0:48 of 1st period - Shot Blocked by Jack Rathbone.
1:51 of 1st period - Jeremy Gregoire is hit by Ben Jones and loses puck.
2:20 of 1st period - Shot by Ben Jones.
2:20 of 1st period - Shot Blocked by Joseph Gambardella.
2:46 of 1st period - Shot by Aliaksei Protas.
2:46 of 1st period - Shot Misses the Net.
3:24 of 1st period - Shot by Layton Ahac.
3:24 of 1st period - Deflect By Jamieson Rees.
3:24 of 1st period - Stopped by Maxime Lagace without a rebound.
3:25 of 1st period - Danick Martel wins face-off versus Linus Weissbach in Wild zone.
3:50 of 1st period - Shot by Linus Weissbach.
3:50 of 1st period - Deflect By Jamieson Rees.
3:50 of 1st period - Stopped by Maxime Lagace without a rebound.
3:51 of 1st period - Ben Jones wins face-off versus Jeremy Gregoire in Wild zone.
4:33 of 1st period - Shot by Ben Thomas.
4:33 of 1st period - Stopped by Leevi Merilainen without a rebound.
4:34 of 1st period - Danick Martel wins face-off versus Akil Thomas in Senators zone.
4:37 of 1st period - Shot by Taylor Raddysh.
4:37 of 1st period - Stopped by Leevi Merilainen without a rebound.
4:38 of 1st period - Danick Martel wins face-off versus Akil Thomas in Senators zone.
4:39 of 1st period - Shot by Taylor Raddysh.
4:39 of 1st period - Shot Blocked by Zac Jones.
4:48 of 1st period - Icing by Ben Gleason.
4:49 of 1st period - Aliaksei Protas wins face-off versus Danick Martel in Wild zone.
4:52 of 1st period - Shot by Cole Schwindt.
4:52 of 1st period - Shot Misses the Net.
4:54 of 1st period - Shot by Antoine Roussel.
4:54 of 1st period - Shot Blocked by Ben Gleason.
5:10 of 1st period - Shot by Aliaksei Protas.
5:10 of 1st period - Shot Misses the Net.
5:12 of 1st period - Shot by Cole Schwindt.
5:12 of 1st period - Shot Blocked by Anthony Louis.
5:14 of 1st period - Shot by Antoine Roussel.
5:14 of 1st period - Goal by Antoine Roussel - Wild : 0 - Senators : 1.
5:15 of 1st period - Akil Thomas wins face-off versus Tanner Pearson in neutral zone.
5:54 of 1st period - Shot by Tanner Pearson.
5:54 of 1st period - Stopped by Leevi Merilainen without a rebound.
5:55 of 1st period - Danick Martel wins face-off versus Aliaksei Protas in Senators zone.
5:55 of 1st period - Taylor Raddysh is hit by Ryan Merkley and loses puck.
6:15 of 1st period - Shot by Anthony Louis.
6:15 of 1st period - Shot Blocked by Zac Jones.
6:29 of 1st period - Shot by Danick Martel.
6:29 of 1st period - Shot Misses the Net.
6:31 of 1st period - Shot by Taylor Raddysh.
6:31 of 1st period - Deflect By Anthony Louis.
6:31 of 1st period - Stopped by Leevi Merilainen without a rebound.
6:32 of 1st period - Joseph Gambardella wins face-off versus Ben Jones in Senators zone.
6:32 of 1st period - Tanner Pearson is hit by Joey Keane.
6:41 of 1st period - Off-side.
6:42 of 1st period - Akil Thomas wins face-off versus Jeremy Gregoire in neutral zone.
7:04 of 1st period - Icing by Dillon Simpson.
7:05 of 1st period - Jeremy Gregoire wins face-off versus Aliaksei Protas in Wild zone.
7:12 of 1st period - Shot by Jeremy Gregoire.
7:12 of 1st period - Stopped by Leevi Merilainen without a rebound.
7:13 of 1st period - Aliaksei Protas wins face-off versus Joseph Gambardella in Senators zone.
7:13 of 1st period - Aliaksei Protas is hit by Tanner Pearson.
7:32 of 1st period - Icing by Zac Jones.
7:33 of 1st period - Aliaksei Protas wins face-off versus Danick Martel in Senators zone.
7:33 of 1st period - Aliaksei Protas is hit by Taylor Raddysh.
7:38 of 1st period - Off-side.
7:39 of 1st period - Joseph Gambardella wins face-off versus Martin Chromiak in neutral zone.
7:39 of 1st period - Anders Bjork is hit by Ben Jones and loses puck.
7:54 of 1st period - Shot by Joseph Gambardella.
7:54 of 1st period - Shot Misses the Net.
7:56 of 1st period - Shot by Dillon Simpson.
7:56 of 1st period - Stopped by Leevi Merilainen without a rebound.
7:57 of 1st period - Jamieson Rees wins face-off versus Danick Martel in Senators zone.
8:06 of 1st period - Shot by Antoine Roussel.
8:06 of 1st period - Deflect By Jamieson Rees.
8:06 of 1st period - Shot Misses the Net.
8:34 of 1st period - Shot by Jamieson Rees.
8:34 of 1st period - Shot Blocked by Ben Gleason.
8:36 of 1st period - Shot by Antoine Roussel.
8:36 of 1st period - Stopped by Maxime Lagace without a rebound.
8:37 of 1st period - Joseph Gambardella wins face-off versus Akil Thomas in Wild zone.
8:37 of 1st period - Joseph Gambardella is hit by Akil Thomas.
8:42 of 1st period - Off-side.
8:43 of 1st period - Joseph Gambardella wins face-off versus Akil Thomas in neutral zone.
8:46 of 1st period - Shot by Anders Bjork.
8:46 of 1st period - Shot Blocked by Ian Mitchell.
8:48 of 1st period - Shot by Dillon Simpson.
8:48 of 1st period - Deflect By Tanner Pearson.
8:48 of 1st period - Stopped by Leevi Merilainen without a rebound.
8:49 of 1st period - Akil Thomas wins face-off versus Joseph Gambardella in Senators zone.
9:04 of 1st period - Shot by Joseph Gambardella.
9:04 of 1st period - Goal by Joseph Gambardella - Wild : 1 - Senators : 1.
9:05 of 1st period - Aliaksei Protas wins face-off versus Jeremy Gregoire in neutral zone.
9:33 of 1st period - Aliaksei Protas is hit by Kasper Bjorkqvist and loses puck.
9:40 of 1st period - Shot by Jeremy Gregoire.
9:40 of 1st period - Shot Misses the Net.
9:42 of 1st period - Shot by Michael Mersch.
9:42 of 1st period - Shot Misses the Net.
9:44 of 1st period - Shot by Eemeli Rasanen.
9:44 of 1st period - Shot Misses the Net.
9:59 of 1st period - Icing by Aliaksei Protas.
10:00 of 1st period - Joseph Gambardella wins face-off versus Aliaksei Protas in Senators zone.
10:07 of 1st period - Shot by Anders Bjork.
10:07 of 1st period - Shot Misses the Net.
10:27 of 1st period - Shot by Anders Bjork.
10:27 of 1st period - Shot Blocked by Ryan Merkley.
10:29 of 1st period - Shot by Joseph Gambardella.
10:29 of 1st period - Shot Misses the Net.
10:31 of 1st period - Shot by Tanner Pearson.
10:31 of 1st period - Stopped by Leevi Merilainen without a rebound.
10:32 of 1st period - Akil Thomas wins face-off versus Taylor Raddysh in Senators zone.
10:55 of 1st period - Shot by Akil Thomas.
10:55 of 1st period - Stopped by Maxime Lagace with a rebound.
11:27 of 1st period - Shot by Tanner Pearson.
11:27 of 1st period - Shot Misses the Net.
11:29 of 1st period - Shot by Ben Thomas.
11:29 of 1st period - Goal by Ben Thomas - Wild : 2 - Senators : 1.
11:30 of 1st period - Jeremy Gregoire wins face-off versus Ben Jones in neutral zone.
11:33 of 1st period - Ian Mitchell is hit by Michael Mersch and loses puck.
11:46 of 1st period - Shot by Ben Jones.
11:46 of 1st period - Shot Hit the Post.
11:48 of 1st period - Shot by Martin Chromiak.
11:48 of 1st period - Stopped by Maxime Lagace without a rebound.
11:49 of 1st period - Joseph Gambardella wins face-off versus Jamieson Rees in Wild zone.
11:53 of 1st period - Tanner Pearson is hit by Antoine Roussel and loses puck.
12:06 of 1st period - Shot by Linus Weissbach.
12:06 of 1st period - Stopped by Maxime Lagace without a rebound.
12:07 of 1st period - Danick Martel wins face-off versus Ben Jones in Wild zone.
12:18 of 1st period - Shot by Danick Martel.
12:18 of 1st period - Shot Misses the Net.
12:20 of 1st period - Shot by Taylor Raddysh.
12:20 of 1st period - Shot Misses the Net.
12:44 of 1st period - Shot by Anthony Louis.
12:44 of 1st period - Stopped by Leevi Merilainen without a rebound.
12:45 of 1st period - Joseph Gambardella wins face-off versus Adam Beckman in Senators zone.
13:06 of 1st period - Shot by Akil Thomas.
13:06 of 1st period - Stopped by Maxime Lagace without a rebound.
13:07 of 1st period - Aliaksei Protas wins face-off versus Jeremy Gregoire in Wild zone.
13:23 of 1st period - Jeremy Gregoire beats up Antoine Roussel.
13:23 of 1st period - Penalty to Antoine Roussel for Fighting.
13:23 of 1st period - Penalty to Jeremy Gregoire for Fighting.
13:23 of 1st period - Penalty to Jeremy Gregoire for instigated a fight.
13:23 of 1st period - Jeremy Gregoire is ejected from game.
13:24 of 1st period - Akil Thomas wins face-off versus Tanner Pearson in neutral zone.
14:44 of 1st period - Icing by Aliaksei Protas.
14:45 of 1st period - Tanner Pearson wins face-off versus Aliaksei Protas in Senators zone.
15:00 of 1st period - Shot by Tyler Madden.
15:00 of 1st period - Shot Misses the Net.
15:02 of 1st period - Shot by Aliaksei Protas.
15:02 of 1st period - Shot Misses the Net.
15:12 of 1st period - Shot by Wade Allison.
15:12 of 1st period - Stopped by Maxime Lagace without a rebound.
15:13 of 1st period - Akil Thomas wins face-off versus Tanner Pearson in Wild zone.
15:34 of 1st period - Shot by Martin Chromiak.
15:34 of 1st period - Shot Blocked by Michael Mersch.
15:36 of 1st period - Shot by Layton Ahac.
15:36 of 1st period - Shot Misses the Net.
17:03 of 1st period - Icing by Ben Jones.
17:04 of 1st period - Tanner Pearson wins face-off versus Ben Jones in Senators zone.
17:09 of 1st period - Shot by Lukas Jasek.
17:09 of 1st period - Deflect By Ryan Kuffner.
17:09 of 1st period - Shot Blocked by Ben Jones.
17:27 of 1st period - Icing by Tanner Pearson.
17:28 of 1st period - Aliaksei Protas wins face-off versus Lukas Jasek in Wild zone.
17:43 of 1st period - Shot by Cole Schwindt.
17:43 of 1st period - Deflect By Aliaksei Protas.
17:43 of 1st period - Shot Misses the Net.
18:02 of 1st period - Ryan Kuffner is hit by Aliaksei Protas.
18:31 of 1st period - Shot by Akil Thomas.
18:31 of 1st period - Deflect By Adam Beckman.
18:31 of 1st period - Stopped by Maxime Lagace without a rebound.
18:32 of 1st period - Antti Suomela wins face-off versus Jamieson Rees in Wild zone.
18:48 of 1st period - Icing by Jack Rathbone.
18:49 of 1st period - Danick Martel wins face-off versus Jamieson Rees in Senators zone.
19:14 of 1st period - Shot by Jamieson Rees.
19:14 of 1st period - Stopped by Maxime Lagace without a rebound.
19:15 of 1st period - Akil Thomas wins face-off versus Joseph Gambardella in Wild zone.
19:25 of 1st period - Minor Penalty to Ryan Merkley for Holding.
19:26 of 1st period - Antoine Roussel wins face-off versus Joseph Gambardella in Senators zone.
19:50 of 1st period - Icing by Anders Bjork.
19:51 of 1st period - Antoine Roussel wins face-off versus Joseph Gambardella in Wild zone.
19:51 of 1st period - Antoine Roussel is hit by Jalen Chatfield.
Goals for this period are 2 for Wild vs 1 for Senators.
Shots for this period are 11 for Wild vs 11 for Senators.

2nd period


0:01 of 2nd period - Joseph Gambardella wins face-off versus Antoine Roussel in neutral zone.
0:04 of 2nd period - Shot by Jalen Chatfield.
0:04 of 2nd period - Stopped by Leevi Merilainen without a rebound.
0:05 of 2nd period - Antoine Roussel wins face-off versus Joseph Gambardella in Senators zone.
0:05 of 2nd period - Antoine Roussel is hit by Anders Bjork.
1:38 of 2nd period - Shot by Michael Mersch.
1:38 of 2nd period - Shot Misses the Net.
2:20 of 2nd period - Adam Beckman is hit by Kasper Bjorkqvist and loses puck.
2:33 of 2nd period - Shot by Taylor Raddysh.
2:33 of 2nd period - Stopped by Leevi Merilainen without a rebound.
2:34 of 2nd period - Danick Martel wins face-off versus Aliaksei Protas in Senators zone.
2:40 of 2nd period - Anthony Louis is hit by Joey Keane and loses puck.
2:53 of 2nd period - Cole Schwindt is hit by Jalen Chatfield and loses puck.
3:01 of 2nd period - Minor Penalty to Taylor Raddysh for Cross-checking.
3:02 of 2nd period - Tanner Pearson wins face-off versus Akil Thomas in Wild zone.
3:02 of 2nd period - Tanner Pearson is hit by Akil Thomas.
3:25 of 2nd period - Shot by Adam Beckman.
3:25 of 2nd period - Shot Blocked by Dillon Simpson.
3:27 of 2nd period - Shot by Adam Beckman.
3:27 of 2nd period - Shot Misses the Net.
3:29 of 2nd period - Shot by Ian Mitchell.
3:29 of 2nd period - Shot Misses the Net.
3:31 of 2nd period - Shot by Adam Beckman.
3:31 of 2nd period - Shot Blocked by Jalen Chatfield.
3:33 of 2nd period - Shot by Adam Beckman.
3:33 of 2nd period - Shot Misses the Net.
4:06 of 2nd period - Shot by Ryan Merkley.
4:06 of 2nd period - Shot Misses the Net.
4:08 of 2nd period - Shot by Antoine Roussel.
4:08 of 2nd period - Shot Misses the Net.
4:10 of 2nd period - Shot by Ryan Merkley.
4:10 of 2nd period - Shot Misses the Net.
4:12 of 2nd period - Shot by Ryan Merkley.
4:12 of 2nd period - Shot Misses the Net.
4:14 of 2nd period - Shot by Aliaksei Protas.
4:14 of 2nd period - Shot Misses the Net.
4:51 of 2nd period - Tanner Pearson is hit by Wade Allison and loses puck.
5:10 of 2nd period - Shot by Ben Jones.
5:10 of 2nd period - Shot Blocked by Eemeli Rasanen.
5:12 of 2nd period - Shot by Martin Chromiak.
5:12 of 2nd period - Shot Misses the Net.
5:21 of 2nd period - Minor Penalty to Ben Jones for Roughing.
5:22 of 2nd period - Antoine Roussel wins face-off versus Danick Martel in Senators zone.
6:01 of 2nd period - Antoine Roussel is hit by Tanner Pearson and loses puck.
6:20 of 2nd period - Shot by Anders Bjork.
6:20 of 2nd period - Stopped by Leevi Merilainen without a rebound.
6:21 of 2nd period - Cole Schwindt wins face-off versus Joseph Gambardella in Senators zone.
7:15 of 2nd period - Shot by Danick Martel.
7:15 of 2nd period - Stopped by Leevi Merilainen without a rebound.
7:16 of 2nd period - Antoine Roussel wins face-off versus Danick Martel in Senators zone.
7:57 of 2nd period - Shot by Michael Mersch.
7:57 of 2nd period - Stopped by Leevi Merilainen without a rebound.
7:58 of 2nd period - Akil Thomas wins face-off versus Ryan Kuffner in Senators zone.
8:03 of 2nd period - Shot by Adam Beckman.
8:03 of 2nd period - Shot Misses the Net.
8:30 of 2nd period - Shot by Akil Thomas.
8:30 of 2nd period - Stopped by Maxime Lagace without a rebound.
8:31 of 2nd period - Aliaksei Protas wins face-off versus Danick Martel in Wild zone.
8:38 of 2nd period - Shot by Antoine Roussel.
8:38 of 2nd period - Shot Blocked by Dillon Simpson.
8:40 of 2nd period - Shot by Ryan Merkley.
8:40 of 2nd period - Shot Misses the Net.
8:42 of 2nd period - Shot by Antoine Roussel.
8:42 of 2nd period - Shot Misses the Net.
8:54 of 2nd period - Shot by Cole Schwindt.
8:54 of 2nd period - Shot Misses the Net.
9:00 of 2nd period - Shot by Antoine Roussel.
9:00 of 2nd period - Shot Misses the Net.
9:02 of 2nd period - Shot by Zac Jones.
9:02 of 2nd period - Shot Misses the Net.
9:04 of 2nd period - Shot by Zac Jones.
9:04 of 2nd period - Stopped by Maxime Lagace without a rebound.
9:05 of 2nd period - Ben Jones wins face-off versus Joseph Gambardella in Wild zone.
10:13 of 2nd period - Shot by Adam Beckman.
10:13 of 2nd period - Stopped by Maxime Lagace with a rebound.
10:15 of 2nd period - Shot by Wade Allison.
10:15 of 2nd period - Goal by Wade Allison - Wild : 2 - Senators : 2.
10:16 of 2nd period - Danick Martel wins face-off versus Aliaksei Protas in neutral zone.
10:25 of 2nd period - Shot by Anthony Louis.
10:25 of 2nd period - Shot Blocked by Ryan Merkley.
10:29 of 2nd period - Shot by Taylor Raddysh.
10:29 of 2nd period - Shot Misses the Net.
10:31 of 2nd period - Shot by Taylor Raddysh.
10:31 of 2nd period - Deflect By Danick Martel.
10:31 of 2nd period - Shot Misses the Net.
10:33 of 2nd period - Shot by Anthony Louis.
10:33 of 2nd period - Stopped by Leevi Merilainen without a rebound.
10:34 of 2nd period - Adam Beckman wins face-off versus Antti Suomela in Senators zone.
11:48 of 2nd period - Shot by Taylor Raddysh.
11:48 of 2nd period - Stopped by Leevi Merilainen with a rebound.
11:50 of 2nd period - Shot by Jalen Chatfield.
11:50 of 2nd period - Shot Blocked by Zac Jones.
11:54 of 2nd period - Shot by Danick Martel.
11:54 of 2nd period - Stopped by Leevi Merilainen without a rebound.
11:55 of 2nd period - Ben Jones wins face-off versus Joseph Gambardella in Senators zone.
12:00 of 2nd period - Shot by Tanner Pearson.
12:00 of 2nd period - Shot Misses the Net.
12:25 of 2nd period - Joseph Gambardella is hit by Alex Beaucage.
12:35 of 2nd period - Shot by Ben Jones.
12:35 of 2nd period - Shot Blocked by Ben Thomas.
12:42 of 2nd period - Icing by Eemeli Rasanen.
12:43 of 2nd period - Joseph Gambardella wins face-off versus Aliaksei Protas in Wild zone.
12:56 of 2nd period - Anthony Louis is hit by Antoine Roussel and loses puck.
13:00 of 2nd period - Icing by Dillon Simpson.
13:01 of 2nd period - Akil Thomas wins face-off versus Anthony Louis in Wild zone.
13:18 of 2nd period - Jack Rathbone is hit by Taylor Raddysh and loses puck.
13:26 of 2nd period - Danick Martel is hit by Ian Mitchell.
13:27 of 2nd period - Minor Penalty to Ian Mitchell for Roughing.
13:28 of 2nd period - Joseph Gambardella wins face-off versus Antoine Roussel in Senators zone.
13:31 of 2nd period - Shot by Anders Bjork.
13:31 of 2nd period - Stopped by Leevi Merilainen without a rebound.
13:32 of 2nd period - Antoine Roussel wins face-off versus Tanner Pearson in Senators zone.
13:59 of 2nd period - Shot by Connor Hobbs.
13:59 of 2nd period - Stopped by Leevi Merilainen without a rebound.
14:00 of 2nd period - Danick Martel wins face-off versus Aliaksei Protas in Senators zone.
14:01 of 2nd period - Shot by Jalen Chatfield.
14:01 of 2nd period - Stopped by Leevi Merilainen without a rebound.
14:02 of 2nd period - Danick Martel wins face-off versus Antoine Roussel in Senators zone.
14:05 of 2nd period - Shot by Dillon Simpson.
14:05 of 2nd period - Shot Misses the Net.
14:07 of 2nd period - Shot by Jalen Chatfield.
14:07 of 2nd period - Shot Blocked by Jack Rathbone.
15:12 of 2nd period - Icing by Tanner Pearson.
15:13 of 2nd period - Tanner Pearson wins face-off versus Cole Schwindt in Wild zone.
15:28 of 2nd period - Shot by Antti Suomela.
15:28 of 2nd period - Stopped by Leevi Merilainen without a rebound.
15:29 of 2nd period - Antti Suomela wins face-off versus Ben Jones in Senators zone.
15:32 of 2nd period - Shot by Michael Mersch.
15:32 of 2nd period - Stopped by Leevi Merilainen with a rebound.
15:44 of 2nd period - Shot by Martin Chromiak.
15:44 of 2nd period - Stopped by Maxime Lagace without a rebound.
15:45 of 2nd period - Akil Thomas wins face-off versus Taylor Raddysh in Wild zone.
15:58 of 2nd period - Shot by Akil Thomas.
15:58 of 2nd period - Goal by Akil Thomas - Wild : 2 - Senators : 3.
15:59 of 2nd period - Aliaksei Protas wins face-off versus Joseph Gambardella in neutral zone.
16:18 of 2nd period - Joseph Gambardella is hit by Joey Keane.
16:32 of 2nd period - Shot by Joseph Gambardella.
16:32 of 2nd period - Shot Misses the Net.
17:04 of 2nd period - Shot by Danick Martel.
17:04 of 2nd period - Shot Hit the Post.
17:10 of 2nd period - Shot by Zac Jones.
17:10 of 2nd period - Shot Misses the Net.
17:12 of 2nd period - Shot by Akil Thomas.
17:12 of 2nd period - Shot Blocked by Jalen Chatfield.
17:14 of 2nd period - Shot by Zac Jones.
17:14 of 2nd period - Shot Misses the Net.
17:16 of 2nd period - Shot by Ryan Merkley.
17:16 of 2nd period - Stopped by Maxime Lagace with a rebound.
17:18 of 2nd period - Shot by Zac Jones.
17:18 of 2nd period - Deflect By Akil Thomas.
17:18 of 2nd period - Shot Misses the Net.
17:20 of 2nd period - Shot by Adam Beckman.
17:20 of 2nd period - Stopped by Maxime Lagace with a rebound.
17:22 of 2nd period - Shot by Zac Jones.
17:22 of 2nd period - Stopped by Maxime Lagace without a rebound.
17:23 of 2nd period - Ben Jones wins face-off versus Antti Suomela in Wild zone.
17:23 of 2nd period - Ben Jones is hit by Eemeli Rasanen.
17:31 of 2nd period - Shot by Antti Suomela.
17:31 of 2nd period - Shot Blocked by Ian Mitchell.
17:33 of 2nd period - Shot by Antti Suomela.
17:33 of 2nd period - Stopped by Leevi Merilainen without a rebound.
17:34 of 2nd period - Alex Beaucage wins face-off versus Antti Suomela in Senators zone.
17:38 of 2nd period - Ian Mitchell is hit by Kasper Bjorkqvist and loses puck.
18:51 of 2nd period - Icing by Zac Jones.
18:52 of 2nd period - Aliaksei Protas wins face-off versus Danick Martel in Senators zone.
19:05 of 2nd period - Shot by Aliaksei Protas.
19:05 of 2nd period - Stopped by Maxime Lagace with a rebound.
19:07 of 2nd period - Shot by Zac Jones.
19:07 of 2nd period - Shot Misses the Net.
Goals for this period are 0 for Wild vs 2 for Senators.
Shots for this period are 14 for Wild vs 10 for Senators.

3rd period


0:01 of 3rd period - Joseph Gambardella wins face-off versus Aliaksei Protas in neutral zone.
0:14 of 3rd period - Shot by Anders Bjork.
0:14 of 3rd period - Shot Misses the Net.
0:22 of 3rd period - Shot by Antoine Roussel.
0:22 of 3rd period - Shot Misses the Net.
0:40 of 3rd period - Shot by Cole Schwindt.
0:40 of 3rd period - Shot Misses the Net.
0:50 of 3rd period - Shot by Akil Thomas.
0:50 of 3rd period - Deflect By Wade Allison.
0:50 of 3rd period - Stopped by Maxime Lagace with a rebound.
0:56 of 3rd period - Shot by Wade Allison.
0:56 of 3rd period - Shot Misses the Net.
0:58 of 3rd period - Shot by Ian Mitchell.
0:58 of 3rd period - Shot Blocked by Dillon Simpson.
1:00 of 3rd period - Shot by Wade Allison.
1:00 of 3rd period - Stopped by Maxime Lagace with a rebound.
1:18 of 3rd period - Shot by Ian Mitchell.
1:18 of 3rd period - Shot Misses the Net.
1:20 of 3rd period - Shot by Adam Beckman.
1:20 of 3rd period - Shot Blocked by Anders Bjork.
2:04 of 3rd period - Shot by Connor Hobbs.
2:04 of 3rd period - Stopped by Leevi Merilainen without a rebound.
2:05 of 3rd period - Linus Weissbach wins face-off versus Antti Suomela in Senators zone.
2:05 of 3rd period - Linus Weissbach is hit by Kasper Bjorkqvist.
2:13 of 3rd period - Icing by Michael Mersch.
2:14 of 3rd period - Aliaksei Protas wins face-off versus Kasper Bjorkqvist in Wild zone.
2:45 of 3rd period - Icing by Ben Thomas.
2:46 of 3rd period - Akil Thomas wins face-off versus Antti Suomela in Wild zone.
2:49 of 3rd period - Shot by Wade Allison.
2:49 of 3rd period - Goal by Wade Allison - Wild : 2 - Senators : 4.
2:50 of 3rd period - Danick Martel wins face-off versus Akil Thomas in neutral zone.
2:53 of 3rd period - Shot by Anthony Louis.
2:53 of 3rd period - Deflect By Danick Martel.
2:53 of 3rd period - Stopped by Leevi Merilainen with a rebound.
2:55 of 3rd period - Shot by Danick Martel.
2:55 of 3rd period - Shot Hit the Post.
2:57 of 3rd period - Shot by Danick Martel.
2:57 of 3rd period - Shot Misses the Net.
2:59 of 3rd period - Shot by Danick Martel.
2:59 of 3rd period - Stopped by Leevi Merilainen without a rebound.
3:00 of 3rd period - Aliaksei Protas wins face-off versus Danick Martel in Senators zone.
3:00 of 3rd period - Aliaksei Protas is hit by Danick Martel.
3:22 of 3rd period - Cole Schwindt is hit by Connor Hobbs and loses puck.
4:04 of 3rd period - Lukas Jasek is hit by Jack Rathbone and loses puck.
4:44 of 3rd period - Joey Keane is hit by Tanner Pearson and loses puck.
5:12 of 3rd period - Shot by Ben Jones.
5:12 of 3rd period - Stopped by Maxime Lagace without a rebound.
5:13 of 3rd period - Antti Suomela wins face-off versus Aliaksei Protas in Wild zone.
6:29 of 3rd period - Shot by Danick Martel.
6:29 of 3rd period - Shot Misses the Net.
7:28 of 3rd period - Shot by Tanner Pearson.
7:28 of 3rd period - Stopped by Leevi Merilainen with a rebound.
7:30 of 3rd period - Shot by Anders Bjork.
7:30 of 3rd period - Stopped by Leevi Merilainen without a rebound.
7:31 of 3rd period - Lukas Jasek wins face-off versus Aliaksei Protas in Senators zone.
7:36 of 3rd period - Shot by Lukas Jasek.
7:36 of 3rd period - Stopped by Leevi Merilainen without a rebound.
7:37 of 3rd period - Aliaksei Protas wins face-off versus Joseph Gambardella in Senators zone.
8:03 of 3rd period - Joseph Gambardella is hit by Ryan Merkley and loses puck.
8:39 of 3rd period - Shot by Wade Allison.
8:39 of 3rd period - Shot Misses the Net.
8:41 of 3rd period - Shot by Akil Thomas.
8:41 of 3rd period - Shot Misses the Net.
8:43 of 3rd period - Shot by Wade Allison.
8:43 of 3rd period - Shot Misses the Net.
8:45 of 3rd period - Shot by Adam Beckman.
8:45 of 3rd period - Deflect By Wade Allison.
8:45 of 3rd period - Shot Blocked by Anthony Louis.
8:47 of 3rd period - Shot by Akil Thomas.
8:47 of 3rd period - Stopped by Maxime Lagace with a rebound.
8:49 of 3rd period - Shot by Adam Beckman.
8:49 of 3rd period - Stopped by Maxime Lagace with a rebound.
8:51 of 3rd period - Shot by Wade Allison.
8:51 of 3rd period - Stopped by Maxime Lagace without a rebound.
8:52 of 3rd period - Ben Jones wins face-off versus Antti Suomela in Wild zone.
9:27 of 3rd period - Shot by Kasper Bjorkqvist.
9:27 of 3rd period - Stopped by Leevi Merilainen with a rebound.
9:29 of 3rd period - Shot by Michael Mersch.
9:29 of 3rd period - Stopped by Leevi Merilainen without a rebound.
9:30 of 3rd period - Joseph Gambardella wins face-off versus Akil Thomas in Senators zone.
9:48 of 3rd period - Minor Penalty to Jack Rathbone for Cross-checking.
9:49 of 3rd period - Antoine Roussel wins face-off versus Danick Martel in Senators zone.
10:35 of 3rd period - Cole Schwindt is hit by Danick Martel and loses puck.
10:59 of 3rd period - Shot by Tanner Pearson.
10:59 of 3rd period - Stopped by Leevi Merilainen without a rebound.
11:00 of 3rd period - Cole Schwindt wins face-off versus Joseph Gambardella in Senators zone.
12:04 of 3rd period - Shot by Ben Jones.
12:04 of 3rd period - Stopped by Maxime Lagace without a rebound.
12:05 of 3rd period - Taylor Raddysh wins face-off versus Akil Thomas in Wild zone.
12:16 of 3rd period - Shot by Anthony Louis.
12:16 of 3rd period - Deflect By Taylor Raddysh.
12:16 of 3rd period - Stopped by Leevi Merilainen without a rebound.
12:17 of 3rd period - Antti Suomela wins face-off versus Ben Jones in Senators zone.
12:17 of 3rd period - Antti Suomela is hit by Ian Mitchell.
13:08 of 3rd period - Icing by Jack Rathbone.
13:09 of 3rd period - Ben Jones wins face-off versus Joseph Gambardella in Senators zone.
13:09 of 3rd period - Ben Jones is hit by Tanner Pearson.
13:12 of 3rd period - Icing by Jack Rathbone.
13:13 of 3rd period - Joseph Gambardella wins face-off versus Ben Jones in Senators zone.
13:50 of 3rd period - Shot by Anders Bjork.
13:50 of 3rd period - Stopped by Leevi Merilainen without a rebound.
13:51 of 3rd period - Aliaksei Protas wins face-off versus Danick Martel in Senators zone.
14:15 of 3rd period - Shot by Cole Schwindt.
14:15 of 3rd period - Shot Misses the Net.
14:17 of 3rd period - Shot by Ryan Merkley.
14:17 of 3rd period - Shot Blocked by Ben Gleason.
14:22 of 3rd period - Icing by Taylor Raddysh.
14:23 of 3rd period - Danick Martel wins face-off versus Akil Thomas in Wild zone.
14:50 of 3rd period - Shot by Anders Bjork.
14:50 of 3rd period - Shot Blocked by Joey Keane.
14:52 of 3rd period - Shot by Anders Bjork.
14:52 of 3rd period - Shot Blocked by Layton Ahac.
15:02 of 3rd period - Shot by Anders Bjork.
15:02 of 3rd period - Shot Misses the Net.
15:04 of 3rd period - Shot by Anders Bjork.
15:04 of 3rd period - Shot Blocked by Akil Thomas.
15:06 of 3rd period - Shot by Anders Bjork.
15:06 of 3rd period - Deflect By Joseph Gambardella.
15:06 of 3rd period - Shot Misses the Net.
15:08 of 3rd period - Shot by Tanner Pearson.
15:08 of 3rd period - Shot Misses the Net.
15:10 of 3rd period - Shot by Joseph Gambardella.
15:10 of 3rd period - Shot Misses the Net.
15:22 of 3rd period - Shot by Joseph Gambardella.
15:22 of 3rd period - Stopped by Leevi Merilainen without a rebound.
15:23 of 3rd period - Antti Suomela wins face-off versus Aliaksei Protas in Senators zone.
16:28 of 3rd period - Ryan Merkley is hit by Michael Mersch and loses puck.
16:51 of 3rd period - Shot by Martin Chromiak.
16:51 of 3rd period - Shot Hit the Post.
17:08 of 3rd period - Alex Beaucage is hit by Jalen Chatfield and loses puck.
17:34 of 3rd period - Minor Penalty to Wade Allison for Hooking.
17:35 of 3rd period - Jamieson Rees wins face-off versus Danick Martel in Senators zone.
17:47 of 3rd period - Off-side.
17:48 of 3rd period - Danick Martel wins face-off versus Antoine Roussel in neutral zone.
18:09 of 3rd period - Shot by Connor Hobbs.
18:09 of 3rd period - Shot Misses the Net.
18:11 of 3rd period - Shot by Danick Martel.
18:11 of 3rd period - Deflect By Taylor Raddysh.
18:11 of 3rd period - Stopped by Leevi Merilainen without a rebound.
18:12 of 3rd period - Joseph Gambardella wins face-off versus Antoine Roussel in Senators zone.
18:24 of 3rd period - Icing by Jalen Chatfield.
18:25 of 3rd period - Antoine Roussel wins face-off versus Joseph Gambardella in Wild zone.
19:21 of 3rd period - Danick Martel is hit by Ryan Merkley and loses puck.
19:32 of 3rd period - Icing by Taylor Raddysh.
19:33 of 3rd period - Danick Martel wins face-off versus Aliaksei Protas in Wild zone.
Goals for this period are 0 for Wild vs 1 for Senators.
Shots for this period are 13 for Wild vs 8 for Senators.